 Dungeon Crawl Stone Soup version 0.23.1-37-gaa34b87b72 (webtiles) character file.

Game seed: 15174499477628332089

245371 Kisielow the Bludgeoner (level 20, 0/129 HPs)
             Began as a Gargoyle Fighter on Mar 22, 2019.
             Was an Elder of Qazlal.
             Slain by Ilsuiw
             ... wielding a +4 trident of freezing
              (1 damage)
             ... on level 4 of the Shoals on Mar 23, 2019.
             The game lasted 01:36:53 (29552 turns).

Kisielow the Bludgeoner (Gargoyle Fighter)         Turns: 29552, Time: 01:36:54

Health: 0/129      AC: 42    Str: 29    XL:     20   Next: 28%
Magic:  27/27      EV:  8    Int: 14    God:    Qazlal [****..]
Gold:   2598       SH: 27    Dex: 21    Spells: 19/19 levels left

rFire    + . .     SeeInvis .   w - +9 flail "Eviscerator" {freeze, rF+ Dex+2}
rCold    . . .     Gourm    .   c - +1 shield
rNeg     + . .     Faith    .   x - +0 plate armour
rPois    ∞         Spirit   .   O - +2 hat of Koate {Int+5 Dex+4}
rElec    +         Reflect  +   m - +0 cloak
rCorr    .         Harm     .   h - +2 pair of gloves
MR       ++...                  D - +1 pair of boots {Fly}
Stlth    ..........             R - +4 amulet of reflection
HPRegen  0.31/turn              n - +6 ring of dexterity
MPRegen  0.20/turn              K - ring of protection from magic

@: engulfed, flying, hasted, repel missiles, very quick
A: big wings, negative energy resistance 1, electricity resistance, unbreathing,
petrification resistance, rot immunity, AC +15
a: Stop Flying, Upheaval, Elemental Force, Renounce Religion


You were on level 4 of the Shoals.
You worshipped Qazlal.
Qazlal was greatly pleased with you.
You were not hungry.

You visited 5 branches of the dungeon, and saw 28 of its levels.
You also visited: Gauntlet.

You collected 2598 gold pieces.

Inventory:

Hand Weapons
 w - the +9 flail "Eviscerator" (weapon) {freeze, rF+ Dex+2}
   (You found it on level 5 of the Dungeon)

   It has been specially enchanted to freeze those struck by it, causing extra
   injury to most foes and up to half again as much damage against particularly
   susceptible opponents.
   It can also slow down cold-blooded creatures.
   It affects your dexterity (+2).
   It protects you from fire.
Armour
 c - a +1 shield (worn)
 h - a +2 pair of gloves (worn)
 m - a +0 cloak (worn)
 x - a +0 plate armour (worn)
 D - a +1 pair of boots of flying (worn)
 O - the +2 hat of Koate (worn) {Int+5 Dex+4}
   (You found it in a Gauntlet)

   It affects your intelligence (+5).
   It affects your dexterity (+4).
Jewellery
 a - a +3 ring of slaying
 n - a +6 ring of dexterity (left hand)
 C - an uncursed ring of wizardry
 F - an uncursed ring of positive energy
 G - an uncursed ring of resist corrosion
 K - a ring of protection from magic (right hand)
 M - an uncursed ring of see invisible
 N - a +5 ring of dexterity
 R - a +4 amulet of reflection (around neck)
 W - an uncursed ring of ice
Wands
 d - a wand of disintegration (12)
 k - a wand of paralysis (22)
 s - a wand of random effects (27)
 u - a wand of acid (46)
 y - a wand of digging (13)
 P - a wand of flame (50)
 Q - a wand of iceblast (16)
Scrolls
 g - 3 scrolls of teleportation
 j - 4 scrolls of enchant weapon
 l - 13 scrolls of remove curse
 o - 7 scrolls of identify
 p - 5 scrolls of fear
 r - 5 scrolls of enchant armour
 B - a scroll of amnesia
 I - 4 scrolls of fog
 L - 2 scrolls of blinking
 U - 3 scrolls of magic mapping
Potions
 b - a potion of haste
 e - 2 potions of resistance
 i - 2 potions of magic
 q - 3 potions of mutation
 t - 5 potions of brilliance
 v - 7 potions of curing
 A - 4 potions of cancellation
 H - a potion of ambrosia
 J - a potion of berserk rage
 S - a potion of invisibility
Miscellaneous
 E - a phial of floods
 X - a lightning rod (4/4)
Comestibles
 f - 50 rations
 z - 5 chunks of flesh


   Skills:
 + Level 15.0 Fighting
 * Level 19.7 Maces & Flails
 + Level 15.0 Armour
 + Level 17.5 Shields
 - Level 10.0 Invocations
 - Level 7.0 Evocations


You had 19 spell levels left.
You didn't know any spells.
Your spell library contained the following spells:

 Spells                   Type           Power        Failure   Level  Hunger
 Beastly Appendage        Tmut           #.....       86%         1    ##.....
 Corona                   Hex            #......      86%         1    ##.....
 Flame Tongue             Conj/Fire      #....        86%         1    ##.....
 Sting                    Conj/Pois      #...         86%         1    ##.....
 Ensorcelled Hibernation  Hex/Ice        #.....       94%         2    ###....
 Poisonous Vapours        Pois/Air       #.....       94%         2    ###....
 Sticks to Snakes         Tmut           #.......     94%         2    ###....
 Throw Flame              Conj/Fire      #.....       94%         2    ###....
 Confuse                  Hex            #.......     99%         3    ####...
 Conjure Flame            Conj/Fire      #.......     99%         3    ####...
 Dazzling Spray           Conj/Hex       #.....       99%         3    ####...
 Inner Flame              Hex/Fire       #.......     99%         3    ####...
 Mephitic Cloud           Conj/Pois/Air  #.......     99%         3    ####...
 Spider Form              Tmut/Pois      #.........   99%         3    ####...
 Static Discharge         Conj/Air       #.......     99%         3    ####...
 Tukima's Dance           Hex            #.......     99%         3    ####...
 Ice Form                 Ice/Tmut       #.......     100%        4    #####..
 Olgreb's Toxic Radiance  Pois           #.......     100%        4    #####..
 Sticky Flame             Conj/Fire      #.......     100%        4    #####..
 Blade Hands              Tmut           #.........   100%        5    ######.
 Fireball                 Conj/Fire      #.........   100%        5    ######.
 Irradiate                Conj/Tmut      #.........   100%        5    ######.
 Lightning Bolt           Conj/Air       #.........   100%        5    ######.
 Metabolic Englaciation   Hex/Ice        #.........   100%        5    ######.
 Venom Bolt               Conj/Pois      #.........   100%        5    ######.
 Bolt of Cold             Conj/Ice       #.........   100%        6    #######
 Freezing Cloud           Conj/Ice/Air   #.........   100%        6    #######
 Hydra Form               Tmut           #.........   100%        6    #######
 Ozocubu's Refrigeration  Ice            #.........   100%        6    #######
 Simulacrum               Ice/Necr       #.........   100%        6    #######
 Dragon Form              Tmut           #.........   100%        7    #######
 Ignition                 Fire           #.........   100%        8    #######
 Shatter                  Erth           #.........   100%        9    #######
 Tornado                  Air            #.........   100%        9    #######
 Statue Form              Tmut/Erth      Unusable     N/A         6    N/A

Dungeon Overview and Level Annotations

Branches:
Dungeon (15/15)            Temple (1/1) D:6            Lair (6/6) D:8
 Shoals (4/4) Lair:4        Snake (0/4) Lair:4        Slime (0/5) Lair:5
    Orc (2/2) D:11            Elf (0/3) Orc:2        Vaults (0/5) D:13
 Depths (0/5) D:15

Altars:
Ashenzari
Cheibriados
Dithmenos
Elyvilon
Fedhas
Gozag
Hepliaklqana
Kikubaaqudgha
Makhleb
Nemelex Xobeh
Okawaru
Qazlal
Ru
Sif Muna
Trog
Uskayaw
Vehumet
Wu Jian
Xom
Yredelemnul
Zin
The Shining One
Beogh

Shops:
D:7 =   D:9 :   D:13 }   Orc:2 (:(}!   Shoals:1 *

Annotations:
Shoals:4 Ilsuiw


Innate Abilities, Weirdness & Mutations

You are resistant to torment.
Your stone body is resilient. (AC +15)
You are immune to poison.
Your large and strong wings let you fly indefinitely.
You resist negative energy. (rN+)
You are resistant to electric shocks. (rElec)
You can survive without breathing.
You are immune to petrification.
You are immune to rotting.


Message History

Something freezes you.
* * * LOW HITPOINT WARNING * * *
You sock the merfolk impaler! You freeze the merfolk impaler.
The merfolk impaler is severely wounded.
The merfolk impaler is engulfed in freezing vapours.
You block the merfolk impaler's attack. You block the water elemental's attack.
Unknown command.
You closely miss the merfolk impaler.
The merfolk impaler is almost dead.
The merfolk impaler is engulfed in freezing vapours.
The merfolk impaler hits you but does no damage.
Unknown command.
You thump the merfolk impaler! You freeze the merfolk impaler.
You kill the merfolk impaler!
Qazlal accepts your kill.
You hear a splash. x2
Something hits you.
* * * LOW HITPOINT WARNING * * *
Something freezes you.
You die...

...? ...........(h .....
............≈. ....#
#..........≈≈≈.
..#.###...≈.......≈h≈≈
#...≈...# .....t..≈≈{
#.#.#≈# .......m)≈.
#≈..≈≈# ......mHh≈h
##.#≈#°## ......)m≈≈h
#≈○☼@EE≈# .......mm≈≈
...≈≈≈≈##{#.........≈.t≈
.≈≈≈≈## #E.........≈≈.≈
≈≈≈≈. .........≈≈≈≈≈
≈≈≈≈ .......≈≈≈≈≈≈ ≈≈≈
###..≈≈≈≈≈≈≈ ≈≈≈
#...≈≈≈≈≈≈≈ ..≈≈≈≈≈≈≈≈≈
.≈≈≈≈≈≈≈≈≈≈


You could see 3 water elementals.

Vanquished Creatures
  Nikola (Shoals:3)
  Polyphemus (Shoals:3)
  A kraken (Shoals:3)
  Kirke (Shoals:3)
  A thorn hunter (Lair:6)
  Aizul (Shoals:4)
  The ghost of Mumum the Arsonist, a journeyman DrFE of Vehumet (Lair:5)
  Nessos (Lair:5)
  A minotaur (Gauntlet)
  8 merfolk impalers
  7 merfolk javelineers
  A yaktaur captain (D:15)
  An ice dragon (D:13)
  14 hydras
  An alligator snapping turtle (Shoals:1)
  2 shambling mangroves (Lair:3)
  3 merfolk avatars (Shoals:3)
  A death knight (D:14)
  2 catoblepae
  5 merfolk aquamancers
  7 centaur warriors
  4 ogre magi
  A satyr (Shoals:3)
  17 two-headed ogres
  3 death yaks (Lair:4)
  6 tengu warriors
  Sonja (Lair:5)
  Nergalle (Orc:2)
  11 skeletal warriors
  A fire crab (D:15)
  4 unseen horrors
  A deep troll (D:13)
  6 sea snakes
  A flayed ghost (D:14)
  Pikel (D:4)
  8 harpies
  2 wolf spider zombies (D:14)
  2 orc knights
  9 orc sorcerers
  A deep elf mage (D:14)
  20 fauns
  12 ugly things
  14 manticores
  2 cyclopes
  2 water nymphs
  5 black mambas
  A gargoyle (D:14)
  10 merfolk sirens
  20 spiny frogs
  3 elephants (Lair:6)
  A kobold demonologist (D:15)
  3 komodo dragons
  2 efreet
  3 rime drakes
  2 freezing wraiths (D:14)
  A tengu conjurer (D:14)
  A wandering mushroom (Lair:6)
  4 meliai
  34 merfolk
  2 polar bears
  9 wind drakes
  A queen bee (D:10)
  4 hornets
  10 trolls
  4 tyrant leeches
  13 slime creatures
  22 dream sheep
  25 blink frogs
  2 snapping turtles
  7 hippogriffs
  Sigmund (D:5)
  A spriggan (Lair:2)
  2 shadows
  7 water elementals
  5 wraiths
  4 wyverns
  A vampire (D:11)
  Eustachio (D:4)
  4 hogs (D:9)
  66 yaks
  A basilisk (shapeshifter) (D:14)
  A human (D:9)
  4 hungry ghosts
  7 basilisks
  A steam dragon (D:12)
  11 vampire mosquitoes
  5 wargs
  Menkaure (D:7)
  5 swamp worms (Gauntlet)
  4 nagas (Lair:4)
  An acid dragon (D:14)
  12 porcupines
  Duvessa (D:7)
  12 water moccasins
  25 orc warriors
  4 sky beasts
  5 ice beasts
  4 black bears
  A slave (D:4)
  2 phantoms
  14 wolves
  4 boggarts (D:14)
  20 ogres
  15 centaurs
  8 crocodiles
  6 big kobolds
  29 bullfrogs
  3 gnoll sergeants (D:11)
  Dowan (D:7)
  A wyvern skeleton (D:14)
  2 scorpions
  33 killer bees
  8 wights
  6 howler monkeys
  4 electric eels
  22 jellies
  7 centaur zombies
  8 crimson imps
  2 quasits
  20 orc priests
  10 hounds
  3 bullfrog skeletons
  7 centaur skeletons
  Crazy Yiuf (D:4)
  Jessica (D:3)
  Ijyb (D:3)
  3 iguanas
  41 orc wizards
  11 worker ants
  A bullfrog simulacrum (D:11)
  A hound zombie (D:10)
  Robin (D:3)
  A worker ant zombie (D:10)
  4 gnolls (D:11)
  11 adders
  A howler monkey skeleton (D:10)
  A shadow imp (D:12)
  An ooze (D:4)
  2 adder zombies
  2 adder skeletons
  A dart slug (D:2)
  4 worms
  4 leopard geckos
  105 orcs
  2 ball pythons
  4 giant cockroaches
  11 goblins
  10 hobgoblins
  8 jackals
  5 quokkas
  A ball python skeleton (D:4)
  5 bats
  3 frilled lizards
  30 kobolds
  5 rats
  A fire vortex (Lair:5)
  4 plants
  A tentacle (Shoals:3)
1100 creatures vanquished.

Vanquished Creatures (collateral kills)
  A merfolk avatar (Shoals:4)
  A merfolk aquamancer (Shoals:4)
  A water elemental (Shoals:4)
3 creatures vanquished.

Vanquished Creatures (others)
  A merfolk javelineer (Shoals:4)
  A centaur warrior (D:9)
  4 satyrs
  A tengu warrior (D:15)
  An unseen horror (D:14)
  2 sea snakes (Shoals:4)
  A manticore (Shoals:4)
  2 fauns
  2 cyclopes
  A merfolk siren (Shoals:4)
  A yaktaur (D:15)
  A snapping turtle (Shoals:4)
  2 humans (Shoals:4)
  A slave (D:4)
  An ogre (D:4)
  2 centaurs
  A jelly (D:9)
  A briar patch (Lair:6)
  13 demonic plants (Gauntlet)
  8 fungi
  39 plants
  4 tentacles (Shoals:3)
90 creatures vanquished.

Grand Total: 1193 creatures vanquished

Notes
Turn   | Place    | Note
-------+----------+-------------------------------------------
     0 | D:1      | Kisielow the Gargoyle Fighter began the quest for the Orb.
     0 | D:1      | Reached XP level 1. HP: 14/14 MP: 1/1
   113 | D:1      | Reached XP level 2. HP: 19/19 MP: 2/2
   417 | D:1      | Reached skill level 3 in Maces & Flails
   742 | D:2      | Reached XP level 3. HP: 21/23 MP: 3/3
   831 | D:2      | Reached skill level 4 in Maces & Flails
   989 | D:2      | Reached XP level 4. HP: 26/28 MP: 4/4
  1052 | D:2      | Found a burning altar of Makhleb.
  1052 | D:2      | Noticed an Executioner
  1055 | D:2      | Noticed a smoke demon
  1055 | D:2      | Noticed an orange demon
  1155 | D:3      | Noticed Ijyb
  1167 | D:3      | Killed Ijyb
  1716 | D:3      | Reached XP level 5. HP: 32/32 MP: 5/5
  1754 | D:3      | Noticed Jessica
  1770 | D:3      | Killed Jessica
  1975 | D:3      | Noticed Robin
  2053 | D:3      | Killed Robin
  2224 | D:3      | Reached skill level 5 in Maces & Flails
  2394 | D:4      | Noticed a slave
  2394 | D:4      | Noticed a slave
  2418 | D:4      | Reached XP level 6. HP: 38/38 MP: 6/6
  2438 | D:4      | Killed a slave
  2524 | D:4      | Noticed Pikel
  2524 | D:4      | Noticed a slave
  2555 | D:4      | Noticed a slave
  2573 | D:4      | Killed Pikel
  2573 | D:4      | Reached skill level 6 in Maces & Flails
  2573 | D:4      | Reached XP level 7. HP: 44/44 MP: 7/7
  3207 | D:4      | Found a runed translucent door.
  3208 | D:4      | Noticed Crazy Yiuf
  3290 | D:4      | Noticed Eustachio
  3295 | D:4      | Reached skill level 5 in Armour
  3295 | D:4      | Reached skill level 5 in Shields
  3354 | D:4      | Killed Eustachio
  3354 | D:4      | Reached skill level 5 in Fighting
  3354 | D:4      | Reached XP level 8. HP: 25/49 MP: 8/8
  3865 | D:4      | Killed Crazy Yiuf
  3923 | D:5      | Entered Level 5 of the Dungeon
  4032 | D:5      | Reached skill level 7 in Maces & Flails
  4192 | D:5      | Noticed Sigmund
  4207 | D:5      | Killed Sigmund
  4728 | D:5      | Got an ancient flail
  4729 | D:5      | Identified the +9 flail "Eviscerator" {freeze, rF+ Dex+2}
                  | (You found it on level 5 of the Dungeon)
  4920 | D:6      | Found a staircase to the Ecumenical Temple.
  4957 | Temple   | Entered the Ecumenical Temple
  5213 | Temple   | Became a worshipper of Qazlal Stormbringer
  5240 | D:6      | Found a radiant altar of Vehumet.
  5255 | D:6      | Reached skill level 8 in Maces & Flails
  5255 | D:6      | Reached XP level 9. HP: 55/55 MP: 9/9
  5654 | D:7      | Noticed a two-headed ogre
  5660 | D:7      | Killed a two-headed ogre
  5660 | D:7      | Reached skill level 9 in Maces & Flails
  5957 | D:7      | Noticed Menkaure
  5960 | D:7      | Killed Menkaure
  5990 | D:7      | Reached XP level 10. HP: 59/63 MP: 10/10
  5992 | D:7      | Found Gufucw's Jewellery Shoppe.
  6023 | D:7      | Noticed Dowan
  6024 | D:7      | Noticed Duvessa
  6028 | D:7      | Killed Duvessa
  6034 | D:7      | Killed Dowan
  6059 | D:7      | Got an ebony broad axe
  6060 | D:7      | Identified the cursed +1 broad axe "Exywynew" {chop,
                  | Fragile rF++ rC+} (You found it on level 7 of the Dungeon)
  6249 | D:7      | Reached * piety under Qazlal
  6467 | D:8      | Reached skill level 10 in Maces & Flails
  6502 | D:8      | Noticed a purple ugly thing
  6516 | D:8      | Killed a purple ugly thing
  6719 | D:8      | Reached ** piety under Qazlal
  6799 | D:8      | Noticed a white ugly thing
  6810 | D:8      | Killed a white ugly thing
  6830 | D:8      | Reached XP level 11. HP: 58/69 MP: 11/11
  7151 | D:8      | Reached skill level 11 in Maces & Flails
  7344 | D:8      | Found a staircase to the Lair.
  7670 | D:9      | Got a wavering silver amulet
  7672 | D:9      | Identified the amulet "Nuzearghao" {Inacc rN+ Int-5 Dex+2
                  | SInv} (You found it on level 9 of the Dungeon)
  7685 | D:9      | Found a blossoming altar of Fedhas.
  7686 | D:9      | Found a hazy altar of Hepliaklqana.
  7686 | D:9      | Found a stormy altar of Qazlal.
  7686 | D:9      | Found a shadowy altar of Dithmenos.
  7692 | D:9      | Noticed a centaur warrior
  7693 | D:9      | Noticed a two-headed ogre
  7693 | D:9      | Noticed a four-headed hydra
  7693 | D:9      | Noticed a six-headed hydra
  7700 | D:9      | Killed a centaur warrior
  7741 | Lair:1   | Entered Level 1 of the Lair of Beasts
  7888 | Lair:1   | Noticed an eight-headed hydra
  7906 | Lair:1   | Killed an eight-headed hydra
  8198 | Lair:1   | Noticed an eight-headed hydra
  8212 | Lair:1   | Killed an eight-headed hydra
  8212 | Lair:1   | Reached skill level 10 in Shields
  8762 | Lair:1   | Noticed a seven-headed hydra
  8770 | Lair:1   | Killed a seven-headed hydra
  8770 | Lair:1   | Reached skill level 12 in Maces & Flails
  9122 | Lair:2   | Reached XP level 12. HP: 49/77 MP: 12/12
  9341 | Lair:2   | Reached skill level 10 in Armour
  9346 | Lair:2   | Reached skill level 10 in Fighting
  9396 | Lair:2   | You are sucked into a shaft!
  9403 | Lair:3   | Reached skill level 1 in Evocations
  9412 | Lair:3   | Reached skill level 1 in Invocations
  9480 | Lair:3   | Got a pitted ring mail
  9491 | Lair:3   | Identified the +1 ring mail of Honour {Regen+} (You found
                  | it on level 3 of the Lair of Beasts)
 10196 | Lair:2   | Reached *** piety under Qazlal
 10540 | Lair:3   | Noticed an eight-headed hydra
 10560 | Lair:3   | Killed an eight-headed hydra
 10560 | Lair:3   | Reached skill level 5 in Evocations
 10614 | Lair:3   | Noticed a five-headed hydra
 10628 | Lair:2   | Killed a five-headed hydra
 10878 | Lair:3   | Got a faintly glowing rapier
 10879 | Lair:3   | Identified the +5 rapier of Massacring {pierce, rC+ Int-4
                  | SInv} (You found it on level 3 of the Lair of Beasts)
 11438 | Lair:4   | Reached skill level 5 in Invocations
 11455 | Lair:4   | Reached XP level 13. HP: 72/82 MP: 16/18
 11535 | Lair:4   | Found a staircase to the Snake Pit.
 11623 | Lair:4   | Found a gate leading to a gauntlet.
 11678 | Gauntlet | Entered a Gauntlet
 11678 | Gauntlet | Found a transporter.
 11678 | Gauntlet | Found a transporter.
 11717 | Gauntlet | Found a transporter.
 11717 | Gauntlet | Found a transporter.
 11727 | Gauntlet | Found a transporter.
 11738 | Gauntlet | Found a transporter.
 11748 | Gauntlet | Found a transporter.
 11748 | Gauntlet | Found a transporter.
 11752 | Gauntlet | Found a transporter.
 11779 | Gauntlet | Found a transporter.
 11786 | Gauntlet | Found a transporter.
 11804 | Gauntlet | Found a transporter.
 11849 | Gauntlet | Found a transporter.
 11865 | Gauntlet | Found a transporter.
 11964 | Gauntlet | Found a transporter.
 11966 | Gauntlet | Found a large runed translucent door.
 11966 | Gauntlet | Found a large runed translucent door.
 11967 | Gauntlet | Found a large runed translucent door.
 11967 | Gauntlet | Found a large runed translucent door.
 11968 | Gauntlet | Found a large runed translucent door.
 11968 | Gauntlet | Found a runed translucent door.
 11968 | Gauntlet | Found a large runed translucent door.
 11968 | Gauntlet | Found a runed translucent door.
 11968 | Gauntlet | Found a large runed translucent door.
 11968 | Gauntlet | Found a large runed translucent door.
 11969 | Gauntlet | Found a large runed translucent door.
 11969 | Gauntlet | Found a large runed translucent door.
 11972 | Gauntlet | Found a large runed translucent door.
 11972 | Gauntlet | Found a large runed translucent door.
 11974 | Gauntlet | Found a large runed translucent door.
 11974 | Gauntlet | Found a large runed translucent door.
 11974 | Gauntlet | Found a large runed translucent door.
 11976 | Gauntlet | Found a runed translucent gate.
 11976 | Gauntlet | Found a runed translucent gate.
 11976 | Gauntlet | Found a runed translucent gate.
 11978 | Gauntlet | Found a transporter.
 11989 | Gauntlet | Found a large runed translucent door.
 12202 | Gauntlet | Got a jewelled hat
 12213 | Gauntlet | Identified the +2 hat of Koate {Int+5 Dex+4} (You found it
                  | in a Gauntlet)
 12249 | Gauntlet | Noticed a minotaur
 12259 | Gauntlet | Killed a minotaur
 12354 | Lair:4   | Reached **** piety under Qazlal
 12544 | Lair:4   | Found a staircase to the Shoals.
 13076 | Lair:5   | Noticed Sonja
 13092 | Lair:5   | Killed Sonja
 13267 | Lair:4   | Reached skill level 10 in Invocations
 13425 | Lair:5   | Found a large runed translucent door.
 13425 | Lair:5   | Found a large runed translucent door.
 13426 | Lair:5   | Noticed Mumum's ghost (journeyman DrFE)
 13462 | Lair:5   | Found a staircase to the Slime Pits.
 13524 | Lair:5   | Noticed Nessos
 13546 | Lair:5   | Killed Nessos
 13995 | Lair:5   | Killed Mumum's ghost
 14087 | Lair:6   | Entered Level 6 of the Lair of Beasts
 14113 | Lair:5   | Reached skill level 13 in Maces & Flails
 14347 | Lair:6   | Gained mutation: Your large and strong wings let you fly
                  | indefinitely. [Gargoyle growth]
 14347 | Lair:6   | Reached XP level 14. HP: 61/88 MP: 16/21
 14913 | Lair:6   | Reached ***** piety under Qazlal
 15099 | Lair:6   | Reached skill level 14 in Maces & Flails
 15136 | Lair:6   | Noticed a thorn hunter
 15136 | Lair:6   | an oklob plant changed into a thorn hunter
 15150 | Lair:6   | Killed a thorn hunter
 15914 | Lair:3   | Got a transparent dagger
 15915 | Lair:3   | Identified the +6 dagger of Putrescence {pierce, MR+ Int+2}
                  | (You found it on level 3 of the Lair of Beasts)
 16384 | D:9      | Got a fine robe
 16413 | D:9      | Identified the +1 robe of Cocytus {rElec Regen+ Int+2
                  | Dex-5} (You found it on level 9 of the Dungeon)
 16713 | D:9      | Found Ikalig's Book Shop.
 16995 | D:10     | Entered Level 10 of the Dungeon
 17309 | D:10     | Reached XP level 15. HP: 96/96 MP: 22/22
 18082 | D:11     | Found a staircase to the Orcish Mines.
 18491 | D:11     | Reached skill level 15 in Maces & Flails
 19814 | D:13     | Found Xaublas's Gadget Shop.
 19852 | D:13     | Reached ****** piety under Qazlal
 20014 | D:13     | Reached skill level 15 in Shields
 20176 | D:13     | Found a gate to the Vaults.
 20863 | D:14     | Reached XP level 16. HP: 87/103 MP: 2/23
 20910 | D:14     | Reached skill level 16 in Maces & Flails
 21432 | D:14     | Got a brightly glowing robe
 21434 | D:14     | Identified the cursed +1 robe of Tamy {rPois rF++ Int-3
                  | Stlth+} (You found it on level 14 of the Dungeon)
 21646 | D:14     | Found a snail-covered altar of Cheibriados.
 21949 | D:15     | Entered Level 15 of the Dungeon
 22513 | D:15     | Reached skill level 17 in Maces & Flails
 22792 | D:15     | Found a staircase to the Depths.
 23051 | Orc:1    | Entered Level 1 of the Orcish Mines
 23510 | Orc:2    | Entered Level 2 of the Orcish Mines
 23510 | Orc:2    | Found a staircase to the Elven Halls.
 23588 | Orc:2    | Found Ufuddam's Weapon Shop.
 23678 | Orc:2    | Reached XP level 17. HP: 100/110 MP: 24/24
 23703 | Orc:2    | Found Lyptov's Antique Weapon Shoppe.
 23736 | Orc:2    | Found an ancient bone altar of Kikubaaqudgha.
 23738 | Orc:2    | Noticed Nergalle
 23746 | Orc:2    | Killed Nergalle
 23794 | Orc:2    | Found a radiant altar of Vehumet.
 23818 | Orc:2    | Found Usotatec's Distillery.
 23818 | Orc:2    | Found a roughly hewn altar of Beogh.
 23838 | Orc:2    | Found Inaano Iliaps's Book Emporium.
 23876 | Orc:2    | Found Zochesoe's Gadget Shoppe.
 24572 | Shoals:1 | Entered Level 1 of the Shoals
 24573 | Shoals:1 | Found Yngeum's General Store.
 25623 | Shoals:1 | Reached skill level 18 in Maces & Flails
 25623 | Shoals:1 | Reached XP level 18. HP: 116/116 MP: 25/25
 25624 | Shoals:1 | Reached XP level 19. HP: 121/121 MP: 26/26
 26899 | Shoals:3 | Reached skill level 19 in Maces & Flails
 27823 | Shoals:4 | Entered Level 4 of the Shoals
 27913 | Shoals:4 | Noticed Kirke
 27915 | Shoals:4 | Noticed Ilsuiw
 27934 | Shoals:4 | Noticed Aizul
 27934 | Shoals:4 | Noticed Nikola
 28132 | Shoals:4 | Killed Aizul
 28447 | Shoals:4 | Noticed Polyphemus
 28453 | Shoals:3 | Killed Kirke
 28453 | Shoals:3 | Reached XP level 20. HP: 109/128 MP: 27/27
 28652 | Shoals:3 | Killed Polyphemus
 28795 | Shoals:3 | Killed Nikola
 29439 | Shoals:3 | Reached skill level 15 in Armour
 29483 | Shoals:4 | Reached skill level 15 in Fighting
 29543 | Shoals:4 | HP: 5/129 [merfolk impaler/+0 antimagic trident (7)]
 29549 | Shoals:4 | HP: 4/129 [something (1)]
 29552 | Shoals:4 | HP: 1/129 [something (3)]
 29552 | Shoals:4 | Slain by Ilsuiw

Skill      XL: |  1  2  3  4  5  6  7  8  9 10 11 12 13 14 15 16 17 18 19 20 |
---------------+-------------------------------------------------------------+-----
Maces & Flails | 3 4 5 6 8 9 10 12 13 14 15 17 18 19 | 19.7
Shields        | 4 5 6 7 8 10 11 12 14 15 16 17 | 17.5
Fighting       | 4 5 6 7 8 9 10 11 12 13 14 15 | 15.0
Armour         | 4 5 6 7 8 9 10 11 12 13 14 15 | 15.0
Evocations     | 6 7 |  7.0
Invocations    | 5 10 | 10.0

Action                   |  1- 3 |  4- 6 |  7- 9 | 10-12 | 13-15 | 16-18 | 19-21 || total
-------------------------+-------+-------+-------+-------+-------+-------+-------++-------
Melee: Flail             |   108 |   196 |    84 |   564 |  1304 |   654 |   535 ||  3445
       Whip              |       |       |   195 |       |       |       |       ||   195
Invok: Upheaval          |       |       |       |       |    22 |    13 |    15 ||    50
       Disaster Area     |       |       |       |       |       |     1 |       ||     1
       Elemental Force   |       |       |       |       |       |       |     2 ||     2
Evoke: Wand              |       |       |       |       |    11 |       |       ||    11
  Use: Potion            |       |     1 |     1 |     2 |     4 |     7 |    10 ||    25
       Scroll            |       |       |    17 |     9 |    10 |     3 |     4 ||    43
 Stab: Paralysed         |       |       |       |       |     3 |       |       ||     3
       Invisible         |       |       |       |       |       |     6 |       ||     6
  Eat: Chunk             |       |     6 |    13 |    36 |    20 |    16 |     8 ||    99
       Ration            |       |       |       |       |     1 |       |     2 ||     3
Armor: Scale mail        |    56 |   108 |    78 |       |       |       |       ||   242
       Plate armour      |       |       |    78 |   263 |   381 |   211 |   380 ||  1313
Dodge: Dodged            |    26 |    42 |    49 |    73 |   135 |    89 |   126 ||   540
       Deflected         |       |       |       |       |     6 |     1 |    30 ||    37
Block: Shield            |    68 |    93 |   129 |   432 |  1253 |   683 |   907 ||  3565
       Reflection        |       |       |       |       |    57 |    48 |   155 ||   260
